Rafales vs Knights
(R2)
Created - May 20, 2020 at 19:00
Goals
|
Rafales |
2 |
2 |
2 |
0 |
6 |
Knights |
2 |
2 |
2 |
1 |
7 |
|
Shots
|
Rafales |
8 |
15 |
7 |
4 |
34 |
Knights |
14 |
14 |
8 |
2 |
38 |
|
1st period
1. Rafales , Chris Terry 2 (Tim Crowder 4, Kevin Veilleux 4) at 1:24 (PP)
2. Rafales , Carl Klingberg 5 (Nathan Davis 4) at 6:45 (PP)
3. Knights , Noel Acciari 4 (Ryan Strome 1) at 12:42
4. Knights , Noel Acciari 5 (Josh Bailey 4, Nikolaj Ehlers 4) at 17:02 (PP)
Penalties :
Dwight King (Lon) for Roughing (Minor) at 0:28, Nicolas Petan (Lon) for Tripping (Minor) at 6:44, Connor Murphy (Stf) for Hooking (Minor) at 16:57, Nathan Davis (Stf) for Roughing (Minor) at 17:25, Borna Rendulic (Stf) for Hooking (Minor) at 19:51
2nd period
5. Knights , Nikolaj Ehlers 2 (Josh Bailey 5, Noel Acciari 5) at 3:30 (PP)
6. Rafales , Ben Thomson 1 (Joe Labate 1, Connor Murphy 2) at 9:46
7. Rafales , Nathan Davis 3 (Brian Ferlin 3, Julian Melchiori 1) at 10:55
8. Knights , Nikolaj Ehlers 3 (Noel Acciari 6, Josh Bailey 6) at 17:39 (PP)
Penalties :
Ben Thomson (Stf) for Roughing (Minor) at 3:26, Jordan Martinook (Lon) for Hooking (Minor) at 5:09, Linden Vey (Lon) for Cross-checking (Minor) at 11:20, Nathan Davis (Stf) for Hooking (Minor) at 17:22
3rd period
9. Knights , Noel Acciari 6 (Jaccob Slavin 2, Dwight King 5) at 0:12
10. Rafales , Dylan McIlrath 1 (Kevin Veilleux 5, Julian Melchiori 2) at 6:59 (PP)
11. Rafales , Maksim Mayorov 1 (Borna Rendulic 1, Connor Murphy 3) at 14:41
12. Knights , Linden Vey 3 (Dwight King 6, Collin Miller 2) at 17:39 (PP)
Penalties :
Dylan McIlrath (Stf) for Close Hand On Puck (Minor) at 1:46, Nikolaj Ehlers (Lon) for Holding (Minor) at 6:00, Chris Terry (Stf) for Hooking (Minor) at 11:02, Jayson Megna (Stf) for Tripping (Minor) at 15:49
Overtime #1
13. Knights , Dwight King 2 (Jaccob Slavin 3, Tomas Kundratek 2) at 10:06
Penalties :
Chris Terry (Stf) for Hooking (Minor) at 0:27, Vince Hinostroza (Lon) for Hooking (Minor) at 5:00
Goalie Stats
Leland Irving (Stf), 31 saves from 38 shots - (0.816), OTL, 2-2-1, 70:06 minutes
Magnus Hellberg (Lon), 28 saves from 34 shots - (0.824), W, 1-1-0, 70:06 minutes
Players Stats for Rafales
Player Name G A P +/- PIM S H SB GA TA FO MP PP MP PK MP
------------------------------------------------------------------------------------
Akim Aliu 0 0 0 0 0 0 0 0 0 0 0/0 0:51 0:12 0:00
Ben Johnson 0 0 0 0 0 0 0 0 0 0 0/0 0:00 0:00 0:00
Ben Sexton 0 0 0 0 0 0 0 0 0 0 0/0 1:03 0:00 1:03
Ben Thomson 1 0 1 1 2 1 0 1 0 0 0/0 9:14 0:00 0:25
Borna Rendulic 0 1 1 1 2 0 0 0 1 0 2/2 12:59 0:12 0:00
Brad Ross 0 0 0 0 0 0 0 0 0 0 0/0 1:49 0:00 1:49
Brian Ferlin 0 1 1 -2 0 1 2 1 1 0 2/4 23:50 4:15 3:28
Bruno Gervais 0 0 0 0 0 2 0 6 1 0 0/0 32:22 4:46 7:07
Carl Klingberg 1 0 1 -2 0 4 2 1 0 1 4/12 26:28 4:15 6:47
Chris Terry 1 0 1 0 4 3 4 0 2 0 0/0 15:43 3:26 0:00
Connor Murphy 0 2 2 0 2 3 2 2 0 1 0/0 32:21 4:46 7:07
Dylan McIlrath 1 0 1 1 2 4 3 0 1 0 0/0 23:52 3:06 3:15
James Marcou 0 0 0 1 0 0 2 0 1 0 0/0 8:50 0:00 0:00
Jayson Megna 0 0 0 1 2 0 1 0 0 1 2/6 12:30 0:00 0:00
Joe Labate 0 1 1 1 0 1 1 2 0 0 0/1 8:50 0:00 0:00
Joey Laleggia 0 0 0 -1 0 0 0 1 0 0 0/0 12:43 0:01 0:38
Julian Melchiori 0 2 2 1 0 2 3 2 0 0 0/0 24:55 3:06 4:20
Kevin Veilleux 0 2 2 0 0 4 0 0 1 0 3/7 15:21 3:26 0:00
Maksim Mayorov 1 0 1 1 0 2 0 0 1 0 0/0 12:31 0:00 0:00
Nathan Davis 1 1 2 -2 4 3 2 0 0 0 10/29 25:21 4:15 5:28
Ryan Bourque 0 0 0 0 0 0 0 0 0 0 0/0 0:51 0:12 0:00
Slater Koekkoek 0 0 0 -1 0 1 1 0 1 1 0/0 14:00 0:01 1:55
Tim Crowder 0 1 1 0 0 3 6 0 0 2 0/1 19:30 3:26 3:28
Tyrell Goulbourne 0 0 0 0 0 0 0 0 0 0 0/1 2:16 0:00 1:54
Players Stats for Knights
Player Name G A P +/- PIM S H SB GA TA FO MP PP MP PK MP
------------------------------------------------------------------------------------
Brendan Gaunce 0 0 0 -1 0 3 0 1 0 1 10/10 13:27 0:00 0:00
Collin Miller 0 1 1 0 0 0 1 2 1 1 0/0 21:59 6:36 0:00
David Shields 0 0 0 -1 0 0 0 0 0 0 0/0 13:08 0:17 0:00
Dwight King 1 2 3 2 2 5 3 1 0 0 7/10 25:57 5:03 3:56
Jaccob Slavin 0 2 2 1 0 1 1 2 0 1 0/0 32:04 6:53 3:01
Jordan Martinook 0 0 0 -1 2 2 4 0 0 1 0/2 17:21 0:21 3:32
Josh Bailey 0 3 3 -1 0 2 0 0 1 1 1/1 21:53 6:47 1:48
Kevin Fiala 0 0 0 -1 0 1 2 0 0 0 0/0 9:55 0:00 0:24
Linden Vey 1 0 1 0 2 4 1 0 1 0 0/0 15:33 5:03 0:00
Ludwig Bystrom 0 0 0 -1 0 1 1 3 0 0 0/0 17:20 0:00 4:52
Michael Matheson 0 0 0 0 0 3 2 3 1 1 0/0 25:33 5:18 3:01
Nathan Walker 0 0 0 0 0 2 1 0 1 1 0/0 10:00 0:00 0:00
Nicolas Petan 0 0 0 -1 2 0 1 0 0 0 1/2 9:30 0:00 0:00
Nikolaj Ehlers 2 1 3 0 2 3 0 2 1 1 0/5 18:47 7:08 1:35
Noel Acciari 3 2 5 2 0 5 1 0 0 0 19/30 26:52 7:08 3:11
Ryan Strome 0 1 1 2 0 2 0 0 0 0 2/3 22:09 5:03 0:00
Tomas Kundratek 0 1 1 1 0 1 2 4 0 0 0/0 30:08 5:18 4:52
Vince Hinostroza 0 0 0 -1 2 3 0 0 0 2 0/0 10:55 0:00 1:20
3 Stars
1 - Noel Acciari (Lon)
2 - Dwight King (Lon)
3 - Nikolaj Ehlers (Lon)
Power Play
Rafales - 3 on 6 Attempt(s) - 50.00%
Knights - 4 on 9 Attempt(s) - 44.44%
Penalty Kill
Rafales - 5 on 9 Attempt(s) - 55.56%
- Score 0 goal in Penalty Kill
Knights - 3 on 6 Attempt(s) - 50.00%
- Score 0 goal in Penalty Kill
Team Stat
Rafales - Hits : 29 - Faceoff Wins : 23 - Blocked Shots : 16 - Penalty Minutes : 18
Knights - Hits : 20 - Faceoff Wins : 40 - Blocked Shots : 18 - Penalty Minutes : 12
Official
Referees : Unknown
Linesman : Unknown
Game Notes
Noel Acciari has scored a Hat Trick!
Finance
Level 1 -- Attendance: 2000 (100.00%) -- Ticket Income $60,000
Level 2 -- Attendance: 829 (82.90%) -- Ticket Income $16,580
Total Attendance: 2829 (94.30%)
Total Ticket Income: $76,580
Other Income: $3,829
Total Income: $80,409
Rafales
5 vs 5 Forward
Center Left Wing Right Wing Time % Phy DF OF
1 Nathan Davis Carl Klingberg Brian Ferlin 40 1 2 2
2 Kevin Veilleux Chris Terry Tim Crowder 30 1 2 2
3 Jayson Megna Maksim Mayorov Borna Rendulic 20 1 2 2
4 Joe Labate Ben Thomson James Marcou 10 1 2 2
5 vs 5 Defense
Defense Defense Time % Phy DF OF
1 Bruno Gervais Connor Murphy 40 1 2 2
2 Julian Melchiori Dylan McIlrath 30 1 2 2
3 Joey Laleggia Slater Koekkoek 20 1 2 2
4 Bruno Gervais Connor Murphy 10 1 2 2
PowerPlay Forward
Center Left Wing Right Wing Time % Phy DF OF
1 Nathan Davis Carl Klingberg Brian Ferlin 60 1 2 2
2 Kevin Veilleux Chris Terry Tim Crowder 40 1 2 2
PowerPlay Defense
Defense Defense Time % Phy DF OF
1 Bruno Gervais Connor Murphy 60 1 2 2
2 Julian Melchiori Dylan McIlrath 40 1 2 2
Penalty Kill 4 Players Forward
Center Wing Time % Phy DF OF
1 Carl Klingberg Nathan Davis 60 1 2 2
2 Brian Ferlin Tim Crowder 40 1 2 2
Penalty Kill 4 Players Defense
Defense Defense Time % Phy DF OF
1 Bruno Gervais Connor Murphy 60 1 2 2
2 Julian Melchiori Dylan McIlrath 40 1 2 2
Penalty Kill - 3 Players Forward
Forward Time % Phy DF OF
1 Carl Klingberg 60 1 2 2
2 Nathan Davis 40 1 2 2
Penalty Kill - 3 Players Defense
Defense Defense Time % Phy DF OF
1 Bruno Gervais Connor Murphy 60 1 2 2
2 Julian Melchiori Dylan McIlrath 40 1 2 2
4 vs 4 Forward
Center Wing Time % Phy DF OF
1 Carl Klingberg Nathan Davis 60 1 2 2
2 Brian Ferlin Tim Crowder 40 1 2 2
4 vs 4 Defense
Defense Defense Time % Phy DF OF
1 Bruno Gervais Connor Murphy 60 1 2 2
2 Julian Melchiori Dylan McIlrath 40 1 2 2
Last Minutes Offensive
Center Left Wing Right Wing Defense Defense
Nathan Davis Carl Klingberg Brian Ferlin Bruno Gervais Connor Murphy
Last Minutes Defensive
Center Left Wing Right Wing Defense Defense
Nathan Davis Carl Klingberg Brian Ferlin Bruno Gervais Connor Murphy
Goaltenders
Starting : Leland Irving
Backup : Jake Allen
Extra Forwards
Normal : Ryan Bourque, Akim Aliu, Tyrell Goulbourne - PP : Ryan Bourque, Akim Aliu - PK : Tyrell Goulbourne
Extra Defensemen
Normal : Joey Laleggia, Slater Koekkoek, Julian Melchiori - PP : Joey Laleggia - PK : Slater Koekkoek, Julian Melchiori
Penalty Shots
Carl Klingberg, Nathan Davis, Brian Ferlin, Tim Crowder, Kevin Veilleux
Scratches
Andrew Shaw (Healthy), David Broll (Healthy), Chris Driedger (Healthy), Sean Maguire (Healthy)
Knights
5 vs 5 Forward
Center Left Wing Right Wing Time % Phy DF OF
1 Noel Acciari Dwight King Ryan Strome 40 1 2 2
2 Brendan Gaunce Jordan Martinook Josh Bailey 30 1 2 2
3 Nikolaj Ehlers Nathan Walker Linden Vey 20 1 2 2
4 Nicolas Petan Kevin Fiala Vince Hinostroza 10 1 2 2
5 vs 5 Defense
Defense Defense Time % Phy DF OF
1 Jaccob Slavin Tomas Kundratek 40 1 2 2
2 Collin Miller Michael Matheson 30 1 2 2
3 David Shields Ludwig Bystrom 18 1 2 2
4 Michael Matheson Jaccob Slavin 12 1 2 2
PowerPlay Forward
Center Left Wing Right Wing Time % Phy DF OF
1 Noel Acciari Nikolaj Ehlers Josh Bailey 60 0 1 4
2 Ryan Strome Dwight King Linden Vey 40 0 1 4
PowerPlay Defense
Defense Defense Time % Phy DF OF
1 Collin Miller Jaccob Slavin 60 0 1 4
2 Michael Matheson Tomas Kundratek 40 0 1 4
Penalty Kill 4 Players Forward
Center Wing Time % Phy DF OF
1 Dwight King Jordan Martinook 60 1 3 1
2 Noel Acciari Vince Hinostroza 40 1 3 1
Penalty Kill 4 Players Defense
Defense Defense Time % Phy DF OF
1 Tomas Kundratek Ludwig Bystrom 60 1 3 1
2 Jaccob Slavin Michael Matheson 40 1 3 1
Penalty Kill - 3 Players Forward
Forward Time % Phy DF OF
1 Noel Acciari 60 0 4 1
2 Vince Hinostroza 40 0 4 1
Penalty Kill - 3 Players Defense
Defense Defense Time % Phy DF OF
1 Jaccob Slavin Tomas Kundratek 60 1 3 1
2 Michael Matheson Ludwig Bystrom 40 1 3 1
4 vs 4 Forward
Center Wing Time % Phy DF OF
1 Noel Acciari Josh Bailey 60 1 2 2
2 Ryan Strome Dwight King 40 1 2 2
4 vs 4 Defense
Defense Defense Time % Phy DF OF
1 Tomas Kundratek Jaccob Slavin 60 1 2 2
2 Michael Matheson Collin Miller 40 1 2 2
Last Minutes Offensive
Center Left Wing Right Wing Defense Defense
Noel Acciari Dwight King Josh Bailey Tomas Kundratek Jaccob Slavin
Last Minutes Defensive
Center Left Wing Right Wing Defense Defense
Noel Acciari Jordan Martinook Vince Hinostroza Jaccob Slavin Tomas Kundratek
Goaltenders
Starting : Magnus Hellberg
Backup : Elvis Merzlikins
Extra Forwards
Normal : Jordan Martinook, Linden Vey, Dwight King - PP : Linden Vey, Jordan Martinook - PK : Josh Bailey
Extra Defensemen
Normal : Tomas Kundratek, Michael Matheson, Collin Miller - PP : Michael Matheson - PK : Ludwig Bystrom, Michael Matheson
Penalty Shots
Noel Acciari, Kevin Fiala, Ryan Strome, Linden Vey, Dwight King
Scratches
Zach Nastasiuk (Healthy), Nicklas Jensen (Healthy), Olli Maatta (Left Wrist Injury), Alan Quine (Healthy), Miro Aaltonen (Sports Hernia Injury)
Matthew Benning (Broken Right Thumb Injury), Trevor Moore (Healthy), Scott Wilson (Healthy), Curtis Valk (Healthy), Anthony Louis (Healthy)
Travis Boyd (Healthy), Fredrik Claesson (Healthy), Mackenzie MacEachern (Healthy), Valentin Zykov (Healthy), Jayce Hawryluk (Healthy)
A.J. Jenks (Healthy), Ryan Collins (Healthy), William Lagesson (Healthy), Eamon McAdam (Healthy), Philippe Desrosiers (Healthy)
Ville Husso (Healthy)
% Time on Ice - Rafales
Lines # - Real PCT - Wanted PCT - Time Play
Normal Forward
1 - 31% - 40% - 15:43
2 - 26% - 30% - 12:58
3 - 25% - 20% - 12:31
4 - 18% - 10% - 8:50
Normal Defense
1 - 40% - 40% - 19:57
2 - 35% - 30% - 17:29
3 - 24% - 20% - 11:47
4 - 2% - 10% - 0:49
PP Forward
1 - 56% - 60% - 4:27
2 - 44% - 40% - 3:26
PP Defense
1 - 61% - 60% - 4:47
2 - 39% - 40% - 3:06
PK Forward
1 - 72% - 60% - 8:43
2 - 28% - 40% - 3:28
PK Defense
1 - 58% - 60% - 7:07
2 - 42% - 40% - 5:04
PK3 Forward
1 - 0% - 60%
2 - 0% - 40%
PK3 Defense
1 - 0% - 60%
2 - 0% - 40%
44 Forward
1 - 0% - 60%
2 - 0% - 40%
44 Defense
1 - 0% - 60%
2 - 0% - 40%
Last Minute Offensive - 0:00
Last Minute Defensive - 0:00
Total
Forward - 70:06
Defense - 70:06
|
% Time on Ice - Knights
Lines # - Real PCT - Wanted PCT - Time Play
Normal Forward
1 - 33% - 40% - 16:35
2 - 28% - 30% - 13:56
3 - 20% - 20% - 10:00
4 - 19% - 10% - 9:31
Normal Defense
1 - 39% - 40% - 19:43
2 - 32% - 30% - 15:47
3 - 26% - 18% - 12:51
4 - 3% - 12% - 1:41
PP Forward
1 - 59% - 60% - 7:08
2 - 41% - 40% - 5:03
PP Defense
1 - 56% - 60% - 6:53
2 - 44% - 40% - 5:18
PK Forward
1 - 75% - 60% - 5:54
2 - 25% - 40% - 1:59
PK Defense
1 - 62% - 60% - 4:52
2 - 38% - 40% - 3:01
PK3 Forward
1 - 0% - 60%
2 - 0% - 40%
PK3 Defense
1 - 0% - 60%
2 - 0% - 40%
44 Forward
1 - 0% - 60%
2 - 0% - 40%
44 Defense
1 - 0% - 60%
2 - 0% - 40%
Last Minute Offensive - 0:00
Last Minute Defensive - 0:00
Total
Forward - 70:06
Defense - 70:06
|
Play-by-Play
1st period
0:01 of 1st period - Noel Acciari wins face-off versus Nathan Davis in neutral zone.
0:06 of 1st period - Wrist shot by Noel Acciari.
0:06 of 1st period - Deflect By Carl Klingberg.
0:06 of 1st period - Stopped by Leland Irving without a rebound.
0:07 of 1st period - Dwight King wins face-off versus Nathan Davis in Rafales zone.
0:10 of 1st period - Snap shot by Noel Acciari.
0:10 of 1st period - Stopped by Leland Irving with a rebound.
0:22 of 1st period - Wrist shot by Carl Klingberg.
0:22 of 1st period - Stopped by Magnus Hellberg with a rebound.
0:28 of 1st period - Minor Penalty to Dwight King for Roughing.
0:29 of 1st period - Josh Bailey wins face-off versus Nathan Davis in Knights zone.
0:42 of 1st period - Snap shot by Carl Klingberg.
0:42 of 1st period - Stopped by Magnus Hellberg with a rebound.
0:44 of 1st period - Slapshot by Bruno Gervais.
0:44 of 1st period - Shot Misses the Net.
0:54 of 1st period - Chris Terry is hit by Tomas Kundratek and loses puck.
1:01 of 1st period - Tomas Kundratek is hit by Chris Terry and loses puck.
1:24 of 1st period - Snap shot by Chris Terry.
1:24 of 1st period - Goal by Chris Terry - Rafales : 1 - Knights : 0.
1:25 of 1st period - Brendan Gaunce wins face-off versus Jayson Megna in neutral zone.
1:55 of 1st period - Nathan Walker is hit by Tim Crowder.
2:36 of 1st period - Slapshot by Connor Murphy.
2:36 of 1st period - Shot Misses the Net.
3:24 of 1st period - Slapshot by Linden Vey.
3:24 of 1st period - Stopped by Leland Irving with a rebound.
3:39 of 1st period - Snap shot by Noel Acciari.
3:39 of 1st period - Shot Misses the Net.
4:14 of 1st period - Wrist shot by Tim Crowder.
4:14 of 1st period - Shot Blocked by Collin Miller.
5:49 of 1st period - Bruno Gervais is hit by Jordan Martinook and loses puck.
6:44 of 1st period - Minor Penalty to Nicolas Petan for Tripping.
6:45 of 1st period - Nathan Davis wins face-off versus Jordan Martinook in Knights zone.
6:45 of 1st period - Snap shot by Carl Klingberg.
6:45 of 1st period - Goal by Carl Klingberg - Rafales : 2 - Knights : 0.
6:46 of 1st period - Nathan Davis wins face-off versus Dwight King in neutral zone.
6:51 of 1st period - Slapshot by Nathan Davis.
6:51 of 1st period - Stopped by Magnus Hellberg without a rebound.
6:52 of 1st period - Nathan Davis wins face-off versus Noel Acciari in Knights zone.
7:51 of 1st period - Backhand shot by Linden Vey.
7:51 of 1st period - Shot Blocked by Julian Melchiori.
8:27 of 1st period - Snap shot by Vince Hinostroza.
8:27 of 1st period - Stopped by Leland Irving without a rebound.
8:28 of 1st period - Brendan Gaunce wins face-off versus Nathan Davis in Rafales zone.
8:31 of 1st period - Snap shot by Josh Bailey.
8:31 of 1st period - Stopped by Leland Irving without a rebound.
8:32 of 1st period - Brendan Gaunce wins face-off versus Nathan Davis in Rafales zone.
8:41 of 1st period - Wrist shot by Brendan Gaunce.
8:41 of 1st period - Shot Misses the Net.
8:43 of 1st period - Slapshot by Jordan Martinook.
8:43 of 1st period - Stopped by Leland Irving with a rebound.
8:45 of 1st period - Snap shot by Josh Bailey.
8:45 of 1st period - Shot Blocked by Brian Ferlin.
10:01 of 1st period - Snap shot by Ryan Strome.
10:01 of 1st period - Shot Misses the Net.
10:52 of 1st period - Snap shot by Brendan Gaunce.
10:52 of 1st period - Stopped by Leland Irving with a rebound.
11:34 of 1st period - Wrist shot by Nathan Walker.
11:34 of 1st period - Shot Blocked by Bruno Gervais.
11:50 of 1st period - Slapshot by Kevin Fiala.
11:50 of 1st period - Shot Misses the Net.
11:52 of 1st period - Slapshot by Vince Hinostroza.
11:52 of 1st period - Shot Blocked by Julian Melchiori.
11:54 of 1st period - Slapshot by David Shields.
11:54 of 1st period - Shot Misses the Net.
12:10 of 1st period - Michael Matheson is hit by Dylan McIlrath and loses puck.
12:38 of 1st period - Snap shot by Noel Acciari.
12:38 of 1st period - Shot Misses the Net.
12:40 of 1st period - Snap shot by Noel Acciari.
12:40 of 1st period - Shot Blocked by Joey Laleggia.
12:42 of 1st period - Snap shot by Noel Acciari.
12:42 of 1st period - Goal by Noel Acciari - Rafales : 2 - Knights : 1.
12:43 of 1st period - Nathan Davis wins face-off versus Noel Acciari in neutral zone.
13:08 of 1st period - Jordan Martinook is hit by Chris Terry and loses puck.
13:54 of 1st period - Backhand shot by Jaccob Slavin.
13:54 of 1st period - Stopped by Leland Irving with a rebound.
13:56 of 1st period - Snap shot by Ryan Strome.
13:56 of 1st period - Shot Misses the Net.
14:52 of 1st period - Snap shot by Nathan Walker.
14:52 of 1st period - Shot Misses the Net.
14:54 of 1st period - Wrist shot by Linden Vey.
14:54 of 1st period - Stopped by Leland Irving with a rebound.
14:56 of 1st period - Wrist shot by Michael Matheson.
14:56 of 1st period - Stopped by Leland Irving without a rebound.
14:57 of 1st period - Noel Acciari wins face-off versus Nathan Davis in Rafales zone.
15:22 of 1st period - Jordan Martinook is hit by Tim Crowder and loses puck.
15:27 of 1st period - Snap shot by Tim Crowder.
15:27 of 1st period - Shot Misses the Net.
15:29 of 1st period - Snap shot by Kevin Veilleux.
15:29 of 1st period - Stopped by Magnus Hellberg with a rebound.
16:08 of 1st period - Snap shot by Kevin Fiala.
16:08 of 1st period - Shot Blocked by Joe Labate.
16:57 of 1st period - Minor Penalty to Connor Murphy for Hooking.
16:58 of 1st period - Noel Acciari wins face-off versus Carl Klingberg in Rafales zone.
17:02 of 1st period - Snap shot by Noel Acciari.
17:02 of 1st period - Goal by Noel Acciari - Rafales : 2 - Knights : 2.
17:03 of 1st period - Noel Acciari wins face-off versus Nathan Davis in neutral zone.
17:07 of 1st period - Jaccob Slavin is hit by Connor Murphy.
17:09 of 1st period - Snap shot by Dwight King.
17:09 of 1st period - Stopped by Leland Irving with a rebound.
17:11 of 1st period - Wrist shot by Dwight King.
17:11 of 1st period - Shot Misses the Net.
17:13 of 1st period - Wrist shot by Tomas Kundratek.
17:13 of 1st period - Shot Misses the Net.
17:15 of 1st period - Slapshot by Ryan Strome.
17:15 of 1st period - Shot Misses the Net.
17:25 of 1st period - Minor Penalty to Nathan Davis for Roughing.
17:26 of 1st period - Carl Klingberg wins face-off versus Noel Acciari in Rafales zone.
19:25 of 1st period - Penalty to Nathan Davis is over, Nathan Davis is back on ice.
19:34 of 1st period - Wrist shot by Brian Ferlin.
19:34 of 1st period - Shot Misses the Net.
19:36 of 1st period - Slapshot by Julian Melchiori.
19:36 of 1st period - Stopped by Magnus Hellberg with a rebound.
19:38 of 1st period - Wrist shot by Brian Ferlin.
19:38 of 1st period - Stopped by Magnus Hellberg without a rebound.
19:39 of 1st period - Borna Rendulic wins face-off versus Nicolas Petan in Knights zone.
19:51 of 1st period - Minor Penalty to Borna Rendulic for Hooking.
19:52 of 1st period - Noel Acciari wins face-off versus Carl Klingberg in Rafales zone.
19:52 of 1st period - Wrist shot by Josh Bailey.
19:52 of 1st period - Shot Blocked by Carl Klingberg.
19:54 of 1st period - Slapshot by Noel Acciari.
19:54 of 1st period - Shot Misses the Net.
19:56 of 1st period - Slapshot by Tomas Kundratek.
19:56 of 1st period - Stopped by Leland Irving with a rebound.
19:58 of 1st period - Wrist shot by Noel Acciari.
19:58 of 1st period - Shot Blocked by Bruno Gervais.
Goals for this period are 2 for Rafales vs 2 for Knights.
Shots for this period are 8 for Rafales vs 14 for Knights.
2nd period
0:01 of 2nd period - Carl Klingberg wins face-off versus Noel Acciari in neutral zone.
0:06 of 2nd period - Snap shot by Connor Murphy.
0:06 of 2nd period - Stopped by Magnus Hellberg with a rebound.
0:14 of 2nd period - Slapshot by Collin Miller.
0:14 of 2nd period - Shot Blocked by Bruno Gervais.
0:16 of 2nd period - Wrist shot by Josh Bailey.
0:16 of 2nd period - Shot Blocked by Connor Murphy.
0:30 of 2nd period - Snap shot by Linden Vey.
0:30 of 2nd period - Deflect By Dwight King.
0:30 of 2nd period - Shot Misses the Net.
0:30 of 2nd period - Puck is out of play.
0:31 of 2nd period - Brian Ferlin wins face-off versus Nikolaj Ehlers in Rafales zone.
1:08 of 2nd period - Snap shot by Ryan Strome.
1:08 of 2nd period - Shot Blocked by Bruno Gervais.
1:51 of 2nd period - Penalty to Borna Rendulic is over, Borna Rendulic is back on ice.
2:00 of 2nd period - Jayson Megna is hit by Kevin Fiala and loses puck.
2:09 of 2nd period - Borna Rendulic is hit by Nicolas Petan.
2:25 of 2nd period - Josh Bailey is hit by James Marcou and loses puck.
2:44 of 2nd period - David Shields is hit by Chris Terry and loses puck.
2:59 of 2nd period - Vince Hinostroza is hit by Brian Ferlin and loses puck.
3:26 of 2nd period - Minor Penalty to Ben Thomson for Roughing.
3:27 of 2nd period - Noel Acciari wins face-off versus Carl Klingberg in Rafales zone.
3:30 of 2nd period - Slapshot by Nikolaj Ehlers.
3:30 of 2nd period - Goal by Nikolaj Ehlers - Rafales : 2 - Knights : 3.
3:31 of 2nd period - Noel Acciari wins face-off versus Nathan Davis in neutral zone.
4:00 of 2nd period - Snap shot by Nathan Walker.
4:00 of 2nd period - Stopped by Leland Irving with a rebound.
4:02 of 2nd period - Snap shot by Michael Matheson.
4:02 of 2nd period - Stopped by Leland Irving without a rebound.
4:03 of 2nd period - Kevin Veilleux wins face-off versus Nikolaj Ehlers in Rafales zone.
4:12 of 2nd period - Collin Miller is hit by Tim Crowder and loses puck.
4:33 of 2nd period - Slapshot by Ryan Strome.
4:33 of 2nd period - Stopped by Leland Irving with a rebound.
5:09 of 2nd period - Minor Penalty to Jordan Martinook for Hooking.
5:10 of 2nd period - Carl Klingberg wins face-off versus Dwight King in Knights zone.
5:11 of 2nd period - Wrist shot by Nathan Davis.
5:11 of 2nd period - Shot Misses the Net.
5:13 of 2nd period - Slapshot by Carl Klingberg.
5:13 of 2nd period - Deflect By Josh Bailey.
5:13 of 2nd period - Shot Misses the Net.
5:13 of 2nd period - Puck is out of play.
5:14 of 2nd period - Nathan Davis wins face-off versus Dwight King in Knights zone.
5:17 of 2nd period - Snap shot by Carl Klingberg.
5:17 of 2nd period - Stopped by Magnus Hellberg with a rebound.
5:19 of 2nd period - Snap shot by Carl Klingberg.
5:19 of 2nd period - Shot Blocked by Ludwig Bystrom.
5:39 of 2nd period - Slapshot by Connor Murphy.
5:39 of 2nd period - Shot Blocked by Ludwig Bystrom.
5:43 of 2nd period - Snap shot by Kevin Veilleux.
5:43 of 2nd period - Shot Misses the Net.
5:45 of 2nd period - Slapshot by Bruno Gervais.
5:45 of 2nd period - Shot Blocked by Dwight King.
5:47 of 2nd period - Snap shot by Chris Terry.
5:47 of 2nd period - Shot Blocked by Tomas Kundratek.
5:49 of 2nd period - Slapshot by Bruno Gervais.
5:49 of 2nd period - Shot Blocked by Nikolaj Ehlers.
6:29 of 2nd period - Noel Acciari is hit by Carl Klingberg.
7:09 of 2nd period - Penalty to Jordan Martinook is over, Jordan Martinook is back on ice.
7:31 of 2nd period - Bruno Gervais is hit by Collin Miller and loses puck.
7:36 of 2nd period - Snap shot by Vince Hinostroza.
7:36 of 2nd period - Stopped by Leland Irving without a rebound.
7:37 of 2nd period - Brendan Gaunce wins face-off versus Joe Labate in Rafales zone.
8:09 of 2nd period - Wrist shot by Tim Crowder.
8:09 of 2nd period - Shot Blocked by Tomas Kundratek.
8:49 of 2nd period - Linden Vey is hit by Jayson Megna and loses puck.
9:10 of 2nd period - Vince Hinostroza is hit by Connor Murphy.
9:21 of 2nd period - Tim Crowder is hit by Kevin Fiala and loses puck.
9:44 of 2nd period - Snap shot by Joe Labate.
9:44 of 2nd period - Stopped by Magnus Hellberg with a rebound.
9:46 of 2nd period - Slapshot by Ben Thomson.
9:46 of 2nd period - Goal by Ben Thomson - Rafales : 3 - Knights : 3.
9:47 of 2nd period - Noel Acciari wins face-off versus Nathan Davis in neutral zone.
10:33 of 2nd period - Snap shot by Carl Klingberg.
10:33 of 2nd period - Shot Blocked by Tomas Kundratek.
10:35 of 2nd period - Wrist shot by Brian Ferlin.
10:35 of 2nd period - Shot Blocked by Tomas Kundratek.
10:37 of 2nd period - Slapshot by Julian Melchiori.
10:37 of 2nd period - Shot Blocked by Jaccob Slavin.
10:39 of 2nd period - Wrist shot by Nathan Davis.
10:39 of 2nd period - Shot Misses the Net.
10:41 of 2nd period - Wrist shot by Carl Klingberg.
10:41 of 2nd period - Shot Misses the Net.
10:43 of 2nd period - Slapshot by Brian Ferlin.
10:43 of 2nd period - Shot Misses the Net.
10:45 of 2nd period - Slapshot by Carl Klingberg.
10:45 of 2nd period - Shot Misses the Net.
10:47 of 2nd period - Slapshot by Nathan Davis.
10:47 of 2nd period - Stopped by Magnus Hellberg with a rebound.
10:55 of 2nd period - Snap shot by Nathan Davis.
10:55 of 2nd period - Goal by Nathan Davis - Rafales : 4 - Knights : 3.
10:56 of 2nd period - Brendan Gaunce wins face-off versus Kevin Veilleux in neutral zone.
11:04 of 2nd period - Slapshot by Bruno Gervais.
11:04 of 2nd period - Shot Blocked by Brendan Gaunce.
11:06 of 2nd period - Snap shot by Tim Crowder.
11:06 of 2nd period - Stopped by Magnus Hellberg with a rebound.
11:08 of 2nd period - Snap shot by Tim Crowder.
11:08 of 2nd period - Shot Blocked by Michael Matheson.
11:10 of 2nd period - Snap shot by Tim Crowder.
11:10 of 2nd period - Shot Misses the Net.
11:12 of 2nd period - Wrist shot by Chris Terry.
11:12 of 2nd period - Stopped by Magnus Hellberg without a rebound.
11:13 of 2nd period - Jayson Megna wins face-off versus Nikolaj Ehlers in Knights zone.
11:18 of 2nd period - Snap shot by Maksim Mayorov.
11:18 of 2nd period - Shot Misses the Net.
11:20 of 2nd period - Minor Penalty to Linden Vey for Cross-checking.
11:21 of 2nd period - Dwight King wins face-off versus Nathan Davis in Knights zone.
12:08 of 2nd period - Icing by Julian Melchiori.
12:09 of 2nd period - Dwight King wins face-off versus Nathan Davis in Rafales zone.
12:20 of 2nd period - Slapshot by Julian Melchiori.
12:20 of 2nd period - Shot Misses the Net.
12:22 of 2nd period - Slapshot by Kevin Veilleux.
12:22 of 2nd period - Shot Blocked by Ludwig Bystrom.
12:24 of 2nd period - Slapshot by Kevin Veilleux.
12:24 of 2nd period - Stopped by Magnus Hellberg without a rebound.
12:25 of 2nd period - Noel Acciari wins face-off versus Nathan Davis in Knights zone.
12:58 of 2nd period - Noel Acciari is hit by Tim Crowder and loses puck.
13:05 of 2nd period - Snap shot by Connor Murphy.
13:05 of 2nd period - Stopped by Magnus Hellberg with a rebound.
13:07 of 2nd period - Slapshot by Bruno Gervais.
13:07 of 2nd period - Stopped by Magnus Hellberg with a rebound.
13:20 of 2nd period - Penalty to Linden Vey is over, Linden Vey is back on ice.
13:55 of 2nd period - Ludwig Bystrom is hit by James Marcou and loses puck.
14:12 of 2nd period - Wrist shot by Dwight King.
14:12 of 2nd period - Shot Misses the Net.
14:14 of 2nd period - Slapshot by David Shields.
14:14 of 2nd period - Shot Misses the Net.
14:30 of 2nd period - Nikolaj Ehlers is hit by Nathan Davis.
14:34 of 2nd period - Collin Miller is hit by Carl Klingberg and loses puck.
14:49 of 2nd period - Connor Murphy is hit by Jordan Martinook and loses puck.
15:04 of 2nd period - Jaccob Slavin is hit by Joe Labate and loses puck.
15:23 of 2nd period - Wrist shot by Tim Crowder.
15:23 of 2nd period - Stopped by Magnus Hellberg without a rebound.
15:24 of 2nd period - Kevin Veilleux wins face-off versus Nikolaj Ehlers in Knights zone.
15:27 of 2nd period - Wrist shot by Kevin Veilleux.
15:27 of 2nd period - Shot Misses the Net.
15:29 of 2nd period - Slapshot by Connor Murphy.
15:29 of 2nd period - Shot Misses the Net.
15:34 of 2nd period - Slapshot by Kevin Veilleux.
15:34 of 2nd period - Stopped by Magnus Hellberg with a rebound.
15:36 of 2nd period - Snap shot by Kevin Veilleux.
15:36 of 2nd period - Stopped by Magnus Hellberg with a rebound.
15:38 of 2nd period - Slapshot by Bruno Gervais.
15:38 of 2nd period - Stopped by Magnus Hellberg without a rebound.
15:39 of 2nd period - Nathan Davis wins face-off versus Noel Acciari in Knights zone.
16:08 of 2nd period - Connor Murphy is hit by Michael Matheson.
16:34 of 2nd period - Wrist shot by Borna Rendulic.
16:34 of 2nd period - Shot Blocked by Nikolaj Ehlers.
17:15 of 2nd period - Slapshot by Nathan Davis.
17:15 of 2nd period - Shot Blocked by Collin Miller.
17:22 of 2nd period - Minor Penalty to Nathan Davis for Hooking.
17:23 of 2nd period - Carl Klingberg wins face-off versus Noel Acciari in Rafales zone.
17:33 of 2nd period - Snap shot by Nikolaj Ehlers.
17:33 of 2nd period - Stopped by Leland Irving with a rebound.
17:39 of 2nd period - Wrist shot by Nikolaj Ehlers.
17:39 of 2nd period - Goal by Nikolaj Ehlers - Rafales : 4 - Knights : 4.
17:40 of 2nd period - Dwight King wins face-off versus Nathan Davis in neutral zone.
17:45 of 2nd period - Snap shot by Dwight King.
17:45 of 2nd period - Shot Misses the Net.
18:39 of 2nd period - Snap shot by Dwight King.
18:39 of 2nd period - Stopped by Leland Irving with a rebound.
18:41 of 2nd period - Snap shot by Dwight King.
18:41 of 2nd period - Shot Misses the Net.
18:43 of 2nd period - Slapshot by Tomas Kundratek.
18:43 of 2nd period - Shot Misses the Net.
18:45 of 2nd period - Wrist shot by Dwight King.
18:45 of 2nd period - Shot Misses the Net.
18:47 of 2nd period - Snap shot by Ryan Strome.
18:47 of 2nd period - Shot Misses the Net.
18:55 of 2nd period - Snap shot by Ryan Strome.
18:55 of 2nd period - Shot Blocked by Joe Labate.
19:19 of 2nd period - Wrist shot by Dwight King.
19:19 of 2nd period - Stopped by Leland Irving with a rebound.
19:21 of 2nd period - Snap shot by Ryan Strome.
19:21 of 2nd period - Stopped by Leland Irving without a rebound.
19:22 of 2nd period - Brendan Gaunce wins face-off versus Nathan Davis in Rafales zone.
19:25 of 2nd period - Slapshot by Brendan Gaunce.
19:25 of 2nd period - Stopped by Leland Irving with a rebound.
19:27 of 2nd period - Slapshot by Jordan Martinook.
19:27 of 2nd period - Shot Blocked by Bruno Gervais.
19:29 of 2nd period - Slapshot by Michael Matheson.
19:29 of 2nd period - Shot Misses the Net.
19:37 of 2nd period - Snap shot by Brendan Gaunce.
19:37 of 2nd period - Stopped by Leland Irving with a rebound.
19:51 of 2nd period - Wrist shot by Nicolas Petan.
19:51 of 2nd period - Shot Misses the Net.
19:53 of 2nd period - Wrist shot by Ludwig Bystrom.
19:53 of 2nd period - Shot Misses the Net.
19:55 of 2nd period - Wrist shot by Ludwig Bystrom.
19:55 of 2nd period - Shot Blocked by Connor Murphy.
19:57 of 2nd period - Wrist shot by Vince Hinostroza.
19:57 of 2nd period - Stopped by Leland Irving without a rebound.
19:58 of 2nd period - Brendan Gaunce wins face-off versus Kevin Veilleux in Rafales zone.
19:59 of 2nd period - Snap shot by Josh Bailey.
19:59 of 2nd period - Stopped by Leland Irving without a rebound.
Goals for this period are 2 for Rafales vs 2 for Knights.
Shots for this period are 15 for Rafales vs 14 for Knights.
3rd period
0:01 of 3rd period - Noel Acciari wins face-off versus Brian Ferlin in neutral zone.
0:08 of 3rd period - Slapshot by Dwight King.
0:08 of 3rd period - Stopped by Leland Irving with a rebound.
0:10 of 3rd period - Wrist shot by Dwight King.
0:10 of 3rd period - Shot Blocked by Bruno Gervais.
0:12 of 3rd period - Slapshot by Jaccob Slavin.
0:12 of 3rd period - Deflect By Noel Acciari.
0:12 of 3rd period - Goal by Noel Acciari - Rafales : 4 - Knights : 5.
0:13 of 3rd period - Nathan Davis wins face-off versus Noel Acciari in neutral zone.
0:40 of 3rd period - Bruno Gervais is hit by Linden Vey and loses puck.
1:11 of 3rd period - Slapshot by Borna Rendulic.
1:11 of 3rd period - Shot Misses the Net.
1:13 of 3rd period - Slapshot by Julian Melchiori.
1:13 of 3rd period - Stopped by Magnus Hellberg with a rebound.
1:37 of 3rd period - Wrist shot by Josh Bailey.
1:37 of 3rd period - Deflect By Jordan Martinook.
1:37 of 3rd period - Stopped by Leland Irving with a rebound.
1:39 of 3rd period - Slapshot by Ludwig Bystrom.
1:39 of 3rd period - Shot Misses the Net.
1:41 of 3rd period - Slapshot by Ludwig Bystrom.
1:41 of 3rd period - Shot Blocked by Ben Thomson.
1:46 of 3rd period - Minor Penalty to Dylan McIlrath for Close Hand On Puck.
1:47 of 3rd period - Ryan Strome wins face-off versus Carl Klingberg in Rafales zone.
1:53 of 3rd period - Snap shot by Linden Vey.
1:53 of 3rd period - Stopped by Leland Irving with a rebound.
3:41 of 3rd period - Tim Crowder is hit by Tomas Kundratek and loses puck.
3:46 of 3rd period - Penalty to Dylan McIlrath is over, Dylan McIlrath is back on ice.
4:27 of 3rd period - Vince Hinostroza is hit by Chris Terry and loses puck.
5:04 of 3rd period - Icing by Slater Koekkoek.
5:05 of 3rd period - Borna Rendulic wins face-off versus Noel Acciari in Rafales zone.
5:36 of 3rd period - Kevin Veilleux is hit by Jordan Martinook and loses puck.
5:49 of 3rd period - Slapshot by Borna Rendulic.
5:49 of 3rd period - Shot Misses the Net.
5:51 of 3rd period - Slapshot by Dylan McIlrath.
5:51 of 3rd period - Deflect By Michael Matheson.
5:51 of 3rd period - Stopped by Magnus Hellberg with a rebound.
6:00 of 3rd period - Minor Penalty to Nikolaj Ehlers for Holding.
6:01 of 3rd period - Dwight King wins face-off versus Nathan Davis in Knights zone.
6:10 of 3rd period - Icing by Nathan Davis.
6:11 of 3rd period - Nathan Davis wins face-off versus Jordan Martinook in Rafales zone.
6:11 of 3rd period - Nathan Davis is hit by Dwight King.
6:45 of 3rd period - Slapshot by Connor Murphy.
6:45 of 3rd period - Deflect By Nathan Davis.
6:45 of 3rd period - Shot Misses the Net.
6:45 of 3rd period - Puck is out of play.
6:46 of 3rd period - Noel Acciari wins face-off versus Kevin Veilleux in Knights zone.
6:59 of 3rd period - Snap shot by Dylan McIlrath.
6:59 of 3rd period - Goal by Dylan McIlrath - Rafales : 5 - Knights : 5.
7:00 of 3rd period - Dwight King wins face-off versus Nathan Davis in neutral zone.
7:09 of 3rd period - Snap shot by Dwight King.
7:09 of 3rd period - Shot Misses the Net.
7:40 of 3rd period - Josh Bailey is hit by Tim Crowder and loses puck.
8:33 of 3rd period - Brian Ferlin is hit by Dwight King and loses puck.
8:48 of 3rd period - Wrist shot by Maksim Mayorov.
8:48 of 3rd period - Stopped by Magnus Hellberg with a rebound.
9:12 of 3rd period - Snap shot by Nathan Walker.
9:12 of 3rd period - Stopped by Leland Irving without a rebound.
9:13 of 3rd period - Nathan Davis wins face-off versus Noel Acciari in Rafales zone.
9:18 of 3rd period - Snap shot by Brian Ferlin.
9:18 of 3rd period - Shot Misses the Net.
9:38 of 3rd period - Jaccob Slavin is hit by Julian Melchiori.
9:43 of 3rd period - Tomas Kundratek is hit by Julian Melchiori and loses puck.
10:30 of 3rd period - Backhand shot by Kevin Fiala.
10:30 of 3rd period - Stopped by Leland Irving with a rebound.
11:02 of 3rd period - Minor Penalty to Chris Terry for Hooking.
11:03 of 3rd period - Noel Acciari wins face-off versus Carl Klingberg in Rafales zone.
12:20 of 3rd period - Off-side.
12:21 of 3rd period - Ryan Strome wins face-off versus Tyrell Goulbourne in neutral zone.
13:02 of 3rd period - Penalty to Chris Terry is over, Chris Terry is back on ice.
13:12 of 3rd period - Dylan McIlrath is hit by Michael Matheson.
13:16 of 3rd period - Dylan McIlrath is hit by Ludwig Bystrom and loses puck.
13:52 of 3rd period - Ben Thomson is hit by Noel Acciari and loses puck.
14:21 of 3rd period - Slapshot by Brian Ferlin.
14:21 of 3rd period - Shot Misses the Net.
14:39 of 3rd period - Slapshot by Connor Murphy.
14:39 of 3rd period - Stopped by Magnus Hellberg with a rebound.
14:41 of 3rd period - Wrist shot by Borna Rendulic.
14:41 of 3rd period - Deflect By Maksim Mayorov.
14:41 of 3rd period - Goal by Maksim Mayorov - Rafales : 6 - Knights : 5.
14:42 of 3rd period - Nathan Davis wins face-off versus Noel Acciari in neutral zone.
14:45 of 3rd period - Slapshot by Julian Melchiori.
14:45 of 3rd period - Shot Blocked by Jaccob Slavin.
15:09 of 3rd period - Nikolaj Ehlers is hit by Julian Melchiori and loses puck.
15:27 of 3rd period - Icing by Borna Rendulic.
15:28 of 3rd period - Brendan Gaunce wins face-off versus Jayson Megna in Rafales zone.
15:49 of 3rd period - Minor Penalty to Jayson Megna for Tripping.
15:50 of 3rd period - Noel Acciari wins face-off versus Carl Klingberg in Rafales zone.
16:15 of 3rd period - Collin Miller is hit by Nathan Davis and loses puck.
16:27 of 3rd period - Off-side.
16:28 of 3rd period - Noel Acciari wins face-off versus Tim Crowder in neutral zone.
16:31 of 3rd period - Slapshot by Michael Matheson.
16:31 of 3rd period - Stopped by Leland Irving without a rebound.
16:32 of 3rd period - Noel Acciari wins face-off versus Carl Klingberg in Rafales zone.
17:24 of 3rd period - Off-side.
17:25 of 3rd period - Brian Ferlin wins face-off versus Ryan Strome in neutral zone.
17:39 of 3rd period - Wrist shot by Linden Vey.
17:39 of 3rd period - Goal by Linden Vey - Rafales : 6 - Knights : 6.
17:40 of 3rd period - Jayson Megna wins face-off versus Nikolaj Ehlers in neutral zone.
18:12 of 3rd period - Slapshot by Carl Klingberg.
18:12 of 3rd period - Shot Misses the Net.
18:14 of 3rd period - Slapshot by Dylan McIlrath.
18:14 of 3rd period - Stopped by Magnus Hellberg without a rebound.
18:15 of 3rd period - Noel Acciari wins face-off versus Nathan Davis in Knights zone.
18:30 of 3rd period - Wrist shot by Noel Acciari.
18:30 of 3rd period - Shot Misses the Net.
18:44 of 3rd period - Wrist shot by Maksim Mayorov.
18:44 of 3rd period - Shot Blocked by Michael Matheson.
19:12 of 3rd period - Tim Crowder is hit by Jordan Martinook and loses puck.
Goals for this period are 2 for Rafales vs 2 for Knights.
Shots for this period are 7 for Rafales vs 8 for Knights.
Overtime #1
0:01 of 1st overtime period - Noel Acciari wins face-off versus Nathan Davis in neutral zone.
0:27 of 1st overtime period - Minor Penalty to Chris Terry for Hooking.
0:28 of 1st overtime period - Noel Acciari wins face-off versus Carl Klingberg in Rafales zone.
0:53 of 1st overtime period - Connor Murphy is hit by Dwight King and loses puck.
2:27 of 1st overtime period - Penalty to Chris Terry is over, Chris Terry is back on ice.
2:55 of 1st overtime period - Slapshot by Dylan McIlrath.
2:55 of 1st overtime period - Stopped by Magnus Hellberg with a rebound.
2:57 of 1st overtime period - Snap shot by Borna Rendulic.
2:57 of 1st overtime period - Shot Misses the Net.
2:59 of 1st overtime period - Snap shot by Jayson Megna.
2:59 of 1st overtime period - Shot Misses the Net.
5:00 of 1st overtime period - Minor Penalty to Vince Hinostroza for Hooking.
5:01 of 1st overtime period - Dwight King wins face-off versus Nathan Davis in Knights zone.
5:01 of 1st overtime period - Dwight King is hit by Dylan McIlrath.
5:17 of 1st overtime period - Snap shot by Brian Ferlin.
5:17 of 1st overtime period - Shot Misses the Net.
5:55 of 1st overtime period - Dylan McIlrath is hit by Jaccob Slavin and loses puck.
6:26 of 1st overtime period - Noel Acciari is hit by Tim Crowder and loses puck.
6:57 of 1st overtime period - Nikolaj Ehlers is hit by Dylan McIlrath and loses puck.
7:00 of 1st overtime period - Penalty to Vince Hinostroza is over, Vince Hinostroza is back on ice.
7:02 of 1st overtime period - Snap shot by Ryan Bourque.
7:02 of 1st overtime period - Shot Misses the Net.
7:04 of 1st overtime period - Slapshot by Slater Koekkoek.
7:04 of 1st overtime period - Stopped by Magnus Hellberg without a rebound.
7:05 of 1st overtime period - Nicolas Petan wins face-off versus Jayson Megna in Knights zone.
7:14 of 1st overtime period - Snap shot by Borna Rendulic.
7:14 of 1st overtime period - Shot Misses the Net.
7:16 of 1st overtime period - Slapshot by Joey Laleggia.
7:16 of 1st overtime period - Deflect By Maksim Mayorov.
7:16 of 1st overtime period - Shot Blocked by Michael Matheson.
7:16 of 1st overtime period - Puck is out of play.
7:17 of 1st overtime period - Brendan Gaunce wins face-off versus Jayson Megna in Knights zone.
7:42 of 1st overtime period - Michael Matheson is hit by Slater Koekkoek and loses puck.
7:49 of 1st overtime period - Slater Koekkoek is hit by Nathan Walker.
7:53 of 1st overtime period - Nikolaj Ehlers is hit by Brian Ferlin and loses puck.
8:16 of 1st overtime period - Slapshot by Ludwig Bystrom.
8:16 of 1st overtime period - Stopped by Leland Irving without a rebound.
8:17 of 1st overtime period - Brendan Gaunce wins face-off versus Kevin Veilleux in Rafales zone.
9:48 of 1st overtime period - Wrist shot by Tim Crowder.
9:48 of 1st overtime period - Deflect By Ludwig Bystrom.
9:48 of 1st overtime period - Stopped by Magnus Hellberg without a rebound.
9:49 of 1st overtime period - Kevin Veilleux wins face-off versus Noel Acciari in Knights zone.
9:54 of 1st overtime period - Wrist shot by Chris Terry.
9:54 of 1st overtime period - Stopped by Magnus Hellberg without a rebound.
9:55 of 1st overtime period - Noel Acciari wins face-off versus Brian Ferlin in Knights zone.
10:04 of 1st overtime period - Slapshot by Tomas Kundratek.
10:04 of 1st overtime period - Shot Misses the Net.
10:06 of 1st overtime period - Slapshot by Jaccob Slavin.
10:06 of 1st overtime period - Deflect By Dwight King.
10:06 of 1st overtime period - Goal by Dwight King - Rafales : 6 - Knights : 7.
Goals for this period are 0 for Rafales vs 1 for Knights.
Shots for this period are 4 for Rafales vs 2 for Knights.
Back to the Top